AoeStats
← Astorre Aprile

Four Lakes

503530367Analyzed
4v4 RM · 9d ago on Sep 1, 2026· 36m 15s· 8 players
Game mode
Random Map
Map size
Large (8 player)
Population
200
Speed
Normal
Resources
Standard
Victory
Conquest
Starting age
Dark Age
Ending age
Imperial Age
RankedLock teamsTeams togetherTeam positionsShared explorationLock speedFull tech treeHidden civsTurbo modeCheats
Victory
Defeat
🇺🇸 Poles · United States
1081
+11
🇳🇮 Teutons · Nicaragua
1077
+11
🇧🇷 Franks · Brazil
1047
+12
🇧🇷 Persians · Brazil
1041
+12
🇺🇸 Teutons · United States
1015
-14
🇭🇰 Wei · Hong Kong SAR China
984
-13
🇵🇪 Persians · Peru
975
-12
🇲🇽 Khmer · Mexico
875
-8
1Timoteo2:11
6:36 Loom
12:31 Feudal Age
19:25 Castle Age
19:20 Forging
18:55 Horse Collar
19:11 Double-Bit Axe
20:47 Stone Mining
22:23 Fletching
24:58 Wheelbarrow
25:07 Bow Saw
28:36 Gold Mining
29:25 Bodkin Arrow
30:25 Gold Shaft Mining
31:08 Iron Casting
30:53 Fishing Lines
32:08 Crossbowman
32:54 Thumb Ring
33:11 Ballistics
32:58 Scale Barding Armor
Gauss
10:26 Feudal Age
11:18 Double-Bit Axe
11:37 Horse Collar
12:18 Loom
15:14 Gold Mining
19:22 Castle Age
17:35 Stone Mining
21:21 Bow Saw
22:09 Bow Saw
22:53 Wheelbarrow
22:06 Town Watch
22:32 Fletching
25:48 Hand Cart
30:06 Town Patrol
31:05 Bodkin Arrow
31:59 Heavy Plow
34:49 Imperial Age
Astorre Aprile
1:33 Loom
10:37 Feudal Age
12:57 Town Watch
13:46 Double-Bit Axe
14:41 Wheelbarrow
22:58 Castle Age
21:06 Stone Mining
23:08 Fletching
23:19 Padded Archer Armor
23:30 Forging
23:57 Scale Mail Armor
24:04 Pikeman
24:45 Squires
27:52 Bodkin Arrow
29:03 Guard Tower
29:10 Gambesons
30:41 Chain Mail Armor
31:20 Scale Barding Armor
32:56 Horse Collar
33:27 Bow Saw
33:51 Ballistics
CAPTORIX
9:08 Loom
12:57 Feudal Age
17:43 Castle Age
16:26 Double-Bit Axe
16:23 Horse Collar
18:33 Forging
20:49 Pikeman
26:19 Wheelbarrow
28:50 Bloodlines
MYTH NICAZ
7:47 Loom
10:20 Feudal Age
11:02 Double-Bit Axe
13:30 Bloodlines
13:51 Horse Collar
17:26 Wheelbarrow
21:56 Castle Age
20:40 Stone Mining
22:05 Light Cavalry
23:31 Scale Barding Armor
24:08 Hand Cart
26:31 Scale Mail Armor
26:59 Fishing Lines
32:11 Imperial Age
31:24 Chain Mail Armor
31:20 Forging
31:13 Town Watch
31:53 Gold Mining
32:38 Stone Shaft Mining
32:16 Bow Saw
32:56 Heavy Plow
33:24 Conscription
33:53 Treadmill Crane
35:29 Crop Rotation
34:26 Elite Obuch
35:33 Squires
35:21 Arson
DarkthroneOBRABO
5:39 Loom
12:59 Feudal Age
14:20 Town Watch
17:16 Castle Age
18:27 Double-Bit Axe
18:37 Gold Mining
21:40 Bow Saw
22:45 Scale Barding Armor
22:50 Forging
22:36 Stone Mining
24:25 Wheelbarrow
24:31 Gold Shaft Mining
24:00 Husbandry
24:22 Chain Barding Armor
25:01 Demolition Ship
25:26 Fishing Lines
28:32 Iron Casting
33:19 Scale Mail Armor
AlexandreGC
6:07 Loom
8:31 Feudal Age
9:14 Double-Bit Axe
9:20 Horse Collar
16:36 Wheelbarrow
19:43 Castle Age
18:41 Scale Barding Armor
18:27 Fletching
20:16 Bloodlines
20:07 Bodkin Arrow
20:14 Bodkin Arrow
21:47 Padded Archer Armor
21:58 Bow Saw
22:33 Husbandry
25:12 Ballistics
26:40 Leather Archer Armor
27:20 Chain Barding Armor
30:56 Thumb Ring
31:19 Parthian Tactics
31:30 Town Watch
32:00 Hand Cart
31:38 Gold Mining
31:49 Heavy Plow
31:41 Stone Mining
34:22 Imperial Age
33:13 Forging
34:01 Heavy Cavalry Archer
35:07 Parthian Tactics
34:52 Thumb Ring
35:25 Ring Archer Armor
35:21 Parthian Tactics
35:57 Chemistry
36:01 Two-Man Saw
35:31 Crop Rotation
36:21 Plate Barding Armor
35:11 Light Cavalry
Wgonzalez079389
0:56 Loom
10:44 Feudal Age
11:22 Double-Bit Axe
15:57 Wheelbarrow
17:51 Horse Collar
21:29 Castle Age
20:47 Fishing Lines
21:35 Gold Mining
21:44 Stone Mining
24:04 Gillnets
27:14 Bow Saw
27:05 Heavy Plow
28:09 Hand Cart
29:36 Forging
32:24 Fortified Wall
35:09 Imperial Age
32:51 Fletching
33:36 Iron Casting
33:07 Squires
32:53 Arson
32:28 Pikeman
34:45 Scale Mail Armor
34:41 Bodkin Arrow
35:08 Ballistics
36:44 Crop Rotation
37:45 Chemistry
Connection lost

Rejoining the realm…

Still unreachable

The connection could not be restored.

Session expired

The server has moved on; the page needs a fresh start.